 Dungeon Crawl Stone Soup version 0.28.0-53-g5a82cb258f (webtiles) character file.

Game seed: 8639850294697267690

129 bnorton916 the Magician (level 4, -4/24 HPs)
             Began as a Deep Elf Fire Elementalist on July 5, 2022.
             Slain by an orc priest
             ... wielding a +0 hand axe
              (6 damage)
             ... on level 2 of the Dungeon.
             The game lasted 00:02:50 (2685 turns).

bnorton916 the Magician (DEFE)                      Turns: 2685, Time: 00:02:50

Health: -4/24      AC:  3    Str:  5    XL:     4   Next: 88%
Magic:  8/12       EV: 12    Int: 22    God:
Gold:   79         SH:  0    Dex: 15    Spells: 11/12 levels left

rFire   . . .      SeeInvis .   (no weapon)
rCold   . . .      Faith    .   (no shield)
rNeg    . . .      Spirit   .   a - +0 robe
rPois   .          Reflect  .   (no helmet)
rElec   .          Harm     .   (no cloak)
rCorr   .          Rampage  .   (no gloves)
Will    .....                   h - +0 pair of boots
Stlth   ++........              (no amulet)
HPRegen 0.08/turn               (no ring)
MPRegen 0.13/turn               (no ring)

@: no status effects
A: no striking features
a: no special abilities


You were on level 2 of the Dungeon.
You visited 1 branch of the dungeon, and saw 3 of its levels.

You collected 79 gold pieces.

Inventory:

Hand Weapons
 g - a +1 dagger of venom
Missiles
 d - 53 stones
Armour
 a - a +0 robe (worn)
 h - a +0 pair of boots (worn)
Scrolls
 e - a scroll of blinking {unknown}
 f - a scroll of brand weapon {unknown}
Potions
 b - a potion of curing {unknown}
 c - a potion of flight {unknown}


   Skills:
 - Level 2.4 Dodging
 - Level 2.4 Stealth
 + Level 4.6 Spellcasting
 + Level 3.0 Conjurations
 + Level 4.4 Fire Magic


You had 11 spell levels left.
You knew the following spells:

 Your Spells              Type           Power      Damage    Failure   Level
a - Foxfire               Conj/Fire      84%        2x1d8     2%          1

Your spell library contained the following spells:

 Spells                   Type           Power      Damage    Failure   Level
 Scorch                   Fire           48%        2d7       2%          2
 Conjure Flame            Conj/Fire      21%        6-21      7%          3
 Inner Flame              Hex/Fire       15%        N/A       13%         3
 Flame Wave               Conj/Fire      21%        2d7       22%         4
 Animate Dead             Necr           2%         N/A       71%         4
 Haunt                    Necr/Summ      2%         N/A       100%        7
 Infestation              Necr           2%         N/A       100%        8


Dungeon Overview and Level Annotations

Branches:
Dungeon (3/15)

Altars:

Shops:
D:2 ((?(


Message History

The orc is lightly wounded.
You climb upwards.
There is a stone staircase leading down here.
Casting: Foxfire (safe; 2% risk of failure)
Confirm with . or Enter, or press ? or * to list all spells.
You conjure some foxfire!
The orc closely misses you. The orc priest barely misses you.
The foxfire hits the orc!
You kill the orc!
The orc priest hits you with a +0 hand axe.
The orc priest invokes the aid of Beogh against you.
Beogh smites you!
Ouch! That really hurt!
* * * LOW HITPOINT WARNING * * *
Casting: Foxfire (safe; 2% risk of failure)
Confirm with . or Enter, or press ? or * to list all spells.
You conjure some foxfire!
The foxfire hits the orc priest.
The orc priest is moderately wounded.
The foxfire hits the orc priest but does no damage.
The orc priest is moderately wounded.
The orc priest hits you with a +0 hand axe.
* * * LOW HITPOINT WARNING * * *
Casting: Foxfire (safe; 2% risk of failure)
Confirm with . or Enter, or press ? or * to list all spells.
You conjure some foxfire!
The orc priest calls down the wrath of Beogh upon you.
You barely resist.
The foxfire hits the orc priest but does no damage.
The orc priest is moderately wounded.
The orc priest barely misses you.
Casting: Foxfire (safe; 2% risk of failure)
Confirm with . or Enter, or press ? or * to list all spells.
You conjure some foxfire!
The orc priest hits you with a +0 hand axe.
* * * LOW HITPOINT WARNING * * *
The orc priest closely misses your foxfire.
The foxfire hits the orc priest.
The orc priest is severely wounded.
The orc priest hits you with a +0 hand axe.
You die...

### #.#.# #.##.#
..#####.#.# ##.##.#
#.#.......#####...#.#
#.#.8...........#.(.#
....._..#######...###
#...8...# ##.##
#.#.....# #.#
...##...########)#
...............o@#
##.##.############
##.##.# #...#.#
#...#.# ......#
......# ......#
#...###


You could see an orc priest.

Vanquished Creatures
  Natasha (twice) (D:2)
  An adder (D:2)
  3 adder zombies (D:2)
  An orc (D:2)
  4 ball pythons
  3 bats
  2 bat zombies (D:2)
  2 endoplasms (D:1)
  3 giant cockroaches (D:1)
  8 goblins
  7 hobgoblins
  4 jackals (D:1)
  2 quokkas
  A ball python skeleton (D:2)
  2 ball python zombies (D:2)
  2 frilled lizards (D:2)
  5 kobolds
  5 rats
57 creatures vanquished.

Vanquished Creatures (others)
  236 foxfires
  A withered plant (D:2)
237 creatures vanquished.

Grand Total: 294 creatures vanquished

Notes
Turn   | Place    | Note
-------+----------+-------------------------------------------
     0 | D:1      | bnorton916 the Deep Elf Fire Elementalist began the quest
                  | for the Orb.
     0 | D:1      | Reached XP level 1. HP: 10/10 MP: 6/6
   219 | D:1      | Reached XP level 2. HP: 14/15 MP: 4/8
   784 | D:1      | Reached XP level 3. HP: 19/19 MP: 7/10
  1055 | D:2      | Noticed Natasha
  1107 | D:2      | Found Mogab's Weapon Shoppe.
  1107 | D:2      | Found Okajessu's Weapon Shop.
  1127 | D:2      | Found Cacrolekk's Weapon Boutique.
  1697 | D:2      | Reached XP level 4. HP: 24/24 MP: 8/12
  1855 | D:2      | Found a faded altar of an unknown god.
  2042 | D:2      | Killed Natasha
  2067 | D:2      | Found Ighaopte's Magic Scroll Shop.
  2141 | D:2      | Noticed Natasha
  2164 | D:2      | Killed Natasha
  2685 | D:2      | Slain by an orc priest

Illustrated notes

Levels and vault maps discovered:
D:1:      lightli_iron_boxes, layout_basic
D:2:      layout_loops_ring, serial_shops, shop, shop_fountains, shop,
          shop_fountains, dreamdust_ecumenical_altar_statues, serial_undead,
          serial_undead_d, serial_undead_d, serial_undead_f, serial_undead_d,
          serial_undead_f, uniq_natasha
D:3:      layout_basic, jmf_multi_god_temple

Skill      XL: |  1  2  3  4 |
---------------+-------------+-----
Conjurations   | 2 3 |  3.0
Spellcasting   | 4 |  4.6
Fire Magic     | 4 |  4.4
Dodging        | |  2.4
Stealth        | |  2.4

Action                   |  1- 3 |  4- 6 || total
-------------------------+-------+-------++-------
 Cast: Foxfire           |   114 |    41 ||   155
Armor: Robe              |    12 |     2 ||    14
Dodge: Dodged            |    34 |     5 ||    39
